Map: Chantier naval orbital

Players

FishKiller

  • Race: Zerg Zerg
  • League: Master

Miedziany - Winner!

  • Race: Terran Terran
  • League: Master

VOD

Have the link to the VOD?

Description

Time

  • Played on: April 17, 2016, 1:54 p.m.
  • Length: 11:39
Show
View Real Time Build Order
Export as new Build Order

FishKiller Zerg 

Build Orders: Hatch First, Muta Ling Bane 

Get SALT Encoding   

  12  0:01  Drone  
  13  0:13  Overlord  
  13  0:17  Drone  
  14  0:31  Drone x2  
  14  0:35  Drone  
  17  0:52  Hatchery  
  16  0:59  Drone x2  
  18  1:12  Spawning Pool  
  18  1:15  Drone  
  18  1:17  Extractor  
  17  1:21  Drone  
  18  1:28  Drone  
  19  1:40  Overlord  
  19  1:51  Drone  
  20  1:59  Queen  
  20  2:01  Zergling x2  
  23  2:04  Queen  
  23  2:05  Zergling x2  
  26  2:11  Drone  
  26  2:15  Drone  
  28  2:18  Metabolic Boost  
  28  2:23  Overlord  
  28  2:43  Drone x2  
  28  2:44  Drone x2  
  31  2:59  Hatchery  
  31  3:04  Drone x3  
  33  3:06  Queen  
  33  3:09  Drone  
  36  3:15  Drone x3  
  36  3:16  Drone x2  
  36  3:17  Drone  
  42  3:20  Extractor  
  42  3:23  Overlord, Extractor  
  40  3:32  Overlord  
  40  3:39  Baneling Nest  
  38  3:42  Zergling x2  
  38  3:43  Zergling x4  
  41  3:49  Zergling x6  
  41  3:50  Zergling x2  
  41  3:54  Lair  
  44  4:22  Zergling x8  
  44  4:24  Baneling x4  
  48  4:26  Drone  
  48  4:27  Drone x6  
  55  4:39  Drone  
  55  4:40  Drone, Extractor  
  55  4:41  Evolution Chamber, Drone x2  
  55  4:42  Evolution Chamber  
  54  5:00  Baneling x3, Zergling x6  
  54  5:01  Queen  
  54  5:05  Zergling x8  
  63  5:09  Zerg Ground Armor Level 1  
  63  5:12  Overseer  
  61  5:14  Overseer  
  61  5:19  Spore Crawler  
  58  5:23  Spore Crawler  
  55  5:31  Drone x3  
  41  6:06  Drone x12  
  41  6:10  Zerg Melee Weapons Level 1  
  50  6:15  Drone  
  50  6:16  Spire  
  49  6:30  Spore Crawler  
  41  7:02  Drone x2  
  41  7:05  Drone x3  
  41  7:06  Drone x8  
  54  7:08  Centrifical Hooks  
  54  7:09  Extractor  
  54  7:11  Extractor  
  52  7:19  Zerg Ground Armor Level 2  
  47  7:54  Drone x14  
  57  8:06  Drone x2  
  57  8:07  Zergling x4  
  61  8:13  Mutalisk  
  61  8:14  Mutalisk  
  61  8:16  Overlord x3  
  65  8:47  Mutalisk  
  65  8:48  Mutalisk x5  
  76  8:57  Infestation Pit  
  75  9:03  Drone  
  75  9:04  Drone x5  
  81  9:10  Drone x8  
  89  9:22  Pneumatized Carapace  
  89  9:32  Hatchery  
  89  9:33  Zergling x6  
  89  9:35  Overlord x5  
  89  9:41  Roach Warren  
  88  9:46  Baneling x3  
  88  9:55  Zergling x2  
  88  9:56  Zergling x20  
  99  10:07  Burrow  
  99  10:25  Zergling x2  
  99  10:26  Zergling x20  
  110  10:30  Baneling x3  
  110  10:31  Baneling x6  
  110  10:39  Baneling  
  110  10:40  Baneling x14  
  110  10:41  Zergling x10  
  110  10:42  Zergling x4  
  114  11:01  Zergling x2  
  111  11:05  Corruptor x5  
  112  11:23  Spore Crawler  
  112  11:25  Spore Crawler  
Show
View Real Time Build Order
Export as new Build Order

Miedziany Terran - Winner!

Build Orders: Reaper Expand, Hellion Banshee, Mech 

Get SALT Encoding   

  12  0:00  SCV  
  13  0:13  SCV  
  14  0:17  Supply Depot  
  14  0:25  SCV  
  15  0:39  SCV  
  15  0:41  Barracks  
  16  0:44  Refinery  
  16  0:52  SCV  
  17  1:04  SCV  
  18  1:16  SCV  
  19  1:28  Orbital Command, Reaper  
  20  1:40  Command Center  
  20  1:47  Supply Depot  
  20  1:54  SCV  
  20  2:00  Marine  
  22  2:06  SCV  
  22  2:07  Factory  
  23  2:13  Refinery  
  23  2:19  SCV  
  24  2:25  Barracks Reactor  
  24  2:31  SCV  
  25  2:43  SCV  
  26  2:52  Orbital Command  
  26  2:55  SCV  
  27  3:00  Starport  
  27  3:10  Barracks Tech Lab  
  27  3:11  Hellion x2  
  31  3:13  SCV  
  31  3:17  Supply Depot  
  31  3:19  SCV  
  33  3:26  SCV  
  34  3:31  SCV  
  34  3:32  Hellion x2  
  39  3:41  SCV  
  40  3:43  SCV  
  40  3:44  Banshee, Cloaking Field  
  44  3:50  Supply Depot  
  44  3:53  SCV  
  44  3:55  SCV  
  46  4:05  SCV  
  46  4:07  SCV  
  46  4:08  Command Center  
  48  4:17  SCV  
  48  4:18  Hellion x2  
  48  4:19  SCV  
  54  4:29  SCV  
  55  4:31  SCV  
  55  4:33  Refinery x2  
  55  4:35  Armory x2  
  56  4:39  Supply Depot  
  56  4:41  SCV  
  56  4:42  Banshee  
  56  4:44  SCV  
  61  4:53  SCV  
  62  5:01  SCV, Hellion x2  
  62  5:05  SCV, Supply Depot  
  62  5:07  Supply Depot  
  68  5:13  SCV  
  69  5:17  SCV  
  71  5:23  Orbital Command  
  71  5:25  SCV  
  71  5:30  SCV  
  72  5:37  SCV  
  72  5:38  Hellion x2, Banshee  
  72  5:40  Terran Vehicle And Ship Armor Level 1, Terran Vehicle Weapons Level 1  
  72  5:42  SCV  
  78  5:49  SCV  
  79  5:50  SCV  
  79  5:54  SCV  
  79  5:55  Factory  
  79  6:09  SCV x2  
  79  6:10  SCV  
  79  6:11  Hellion x2  
  75  6:21  SCV, Banshee  
  75  6:22  SCV  
  80  6:27  Factory, SCV  
  80  6:28  Factory  
  80  6:32  Hellion  
  83  6:34  SCV  
  83  6:36  SCV  
  83  6:39  SCV  
  86  6:42  Engineering Bay  
  86  6:46  SCV  
  87  6:48  SCV  
  88  6:55  SCV  
  88  6:57  Hellion x2, Factory Tech Lab  
  88  6:58  SCV  
  94  7:14  SCV x3, Supply Depot x2  
  94  7:15  Factory Tech Lab x2  
  97  7:16  Supply Depot  
  97  7:18  Refinery  
  97  7:21  Hellion  
  97  7:22  Refinery  
  99  7:33  SCV x2  
  99  7:35  SCV, Banshee  
  105  7:39  Thor x3  
  123  7:45  SCV x2  
  125  8:03  SCV x2  
  125  8:05  Terran Vehicle Weapons Level 2  
  125  8:06  SCV  
  125  8:08  Terran Vehicle And Ship Armor Level 2  
  124  8:13  Supply Depot x2  
  124  8:15  SCV  
  125  8:30  Command Center  
  125  8:32  Supply Depot  
  125  8:34  SCV x2, Supply Depot x2, Thor  
  126  8:35  SCV, Hellion x2, Thor  
  144  8:42  Infernal Pre-Igniter, Supply Depot  
  144  8:53  Thor, Command Center  
  144  8:54  Supply Depot  
  144  8:55  Supply Depot  
  150  9:08  Hellbat x2  
  154  9:14  Missile Turret  
  154  9:16  Thor  
  153  9:17  Missile Turret, Thor  
  153  9:19  Missile Turret  
  165  9:29  Hellbat x2  
  168  9:53  Orbital Command  
  168  9:54  Factory  
  168  9:56  Factory  
  167  10:03  Missile Turret, Hellbat x2  
  171  10:09  Siege Tank x2  
  174  10:15  Thor  
  174  10:16  Raven  
  176  10:41  Thor x2  
  185  11:07  Hellbat x2  
Tags
 
Add a new tag
Caveats
  • Supply blocks, unpowered buildings, or Contaminate may cause inaccurate times.
  • Supply counts are checked every 10 seconds.